 Dungeon Crawl Stone Soup version 0.22.1-1-ga44c0e5 (webtiles) character file.

6396 Goblin1989 the Nimble (level 10, -5/79 HPs)
             Began as a Gnoll Gladiator on Oct 15, 2018.
             Was an Elder of Okawaru.
             Slain by a sixfirhy (7 damage)
             ... summoned by a kobold demonologist
             ... on level 10 of the Dungeon.
             The game lasted 00:37:20 (11469 turns).

Goblin1989 the Nimble (Gnoll Gladiator)            Turns: 11469, Time: 00:37:26

Health: -5/79      AC: 14    Str: 17      XL:     10   Next: 98%
Magic:  17/18      EV: 15    Int: 14      God:    Okawaru [****..]
Gold:   340        SH:  0    Dex: 16 (18) Spells: 18/20 levels left

rFire    . . .     SeeInvis .   a - +0 war axe
rCold    . . .     Gourm    .   (no shield)
rNeg     . . .     Faith    .   s - +0 chain mail
rPois    .         Spirit   .   c - +0 helmet
rElec    .         Reflect  .   (no cloak)
rCorr    .         Harm     .   (no gloves)
MR       .....                  j - +0 pair of boots
Stlth    ++........             (no amulet)
HPRegen  0.23/turn              x - +2 ring of dexterity
MPRegen  0.16/turn              (no ring)

@: about to teleport, heroism
A: distributed training, fangs 1, strong nose
a: Heroism, Renounce Religion


You were on level 10 of the Dungeon.
You worshipped Okawaru.
Okawaru was greatly pleased with you.
You were not hungry.

You visited 2 branches of the dungeon, and saw 11 of its levels.
You also visited: Bailey.

You collected 424 gold pieces.
You spent 84 gold pieces at shops.

Inventory:

Hand Weapons
 a - a +0 war axe (weapon)
 b - a +3 hand axe of flaming
 p - a +0 shortbow
 q - a +0 rapier of venom
 r - a +2 spear
 w - a +0 blowgun {@w1}
 y - a +1 dagger of venom
 J - a +0 broad axe
Missiles
 o - 125 arrows
 L - 109 sling bullets
 N - 36 poisoned needles
 P - 128 bolts
 Q - 40 tomahawks of returning
 U - 298 stones {@Q3}
 Z - 3 throwing nets (quivered) {!d , @Q1}
Armour
 c - a +0 helmet (worn)
 j - a +0 pair of boots (worn)
 s - a +0 chain mail (worn)
Jewellery
 l - an uncursed ring of flight
 x - a +2 ring of dexterity (left hand)
 O - an uncursed ring of fire
Wands
 z - a wand of random effects (45)
 C - a wand of enslavement (20)
 V - a wand of polymorph (17)
Scrolls
 m - a scroll of blinking {unknown}
 n - a scroll of amnesia
 v - 2 scrolls of noise {unknown}
 B - a scroll of fear {unknown}
 D - a scroll of random uselessness {unknown}
 E - 2 scrolls of fog {unknown}
 G - 2 scrolls of remove curse {@r3}
 K - a scroll of magic mapping {unknown}
 R - 10 scrolls of identify {@r1}
 T - 6 scrolls of teleportation {!r, @r2}
 Y - a scroll of acquirement {unknown}
Potions
 h - a potion of cancellation {unknown}
 u - 2 potions of resistance {@q6}
 A - a potion of agility {@q5}
 F - a potion of might {@q4}
 H - 2 potions of brilliance
 I - a potion of ambrosia
 M - 3 potions of flight
 S - 6 potions of curing {@q1}
 W - 4 potions of heal wounds
 X - 5 potions of lignification
Miscellaneous
 f - a lightning rod (4/4)
 g - a phial of floods
 k - a lamp of fire
 t - a crystal ball of energy
Comestibles
 e - 15 rations
 i - 4 chunks of flesh


   Skills:
 + Level 7.4(12.4) Fighting
 + Level 5.6(10.6) Short Blades
 + Level 5.6(10.6) Long Blades
 + Level 8.8(13.8) Axes
 + Level 5.6(10.6) Maces & Flails
 + Level 5.6(10.6) Polearms
 + Level 5.6(10.6) Staves
 + Level 5.6(10.6) Slings
 + Level 5.6(10.6) Bows
 + Level 5.6(10.6) Crossbows
 + Level 7.4(12.4) Throwing
 + Level 5.6(10.6) Armour
 + Level 8.8(13.8) Dodging
 + Level 5.6(10.6) Stealth
 + Level 5.6(10.6) Shields
 + Level 5.6(10.6) Unarmed Combat
 + Level 5.6 Spellcasting
 + Level 4.7 Conjurations
 + Level 4.7 Hexes
 + Level 4.7 Charms
 + Level 4.7 Summonings
 + Level 4.7 Necromancy
 + Level 4.7 Translocations
 + Level 4.7 Transmutations
 + Level 4.7 Fire Magic
 + Level 4.7 Ice Magic
 + Level 4.7 Air Magic
 + Level 4.7 Earth Magic
 + Level 4.7 Poison Magic
 + Level 6.2 Invocations
 + Level 5.6 Evocations


You had 18 spell levels left.
You knew the following spells:

 Your Spells              Type           Power        Failure   Level  Hunger
b - Animate Skeleton      Necr           N/A          22%         1    None
o - Apportation           Tloc           ###...       22%         1    None

Your spell library contained the following spells:

 Spells                   Type           Power        Failure   Level  Hunger
 Beastly Appendage        Tmut           ###...       22%         1    None
 Confusing Touch          Hex            ###...       22%         1    None
 Freeze                   Ice            ###.         22%         1    None
 Summon Small Mammal      Summ           ###.         22%         1    None
 Sticks to Snakes         Tmut           ###.....     32%         2    ##.....
 Throw Frost              Conj/Ice       ###...       32%         2    ##.....
 Ozocubu's Armour         Chrm/Ice       ###.....     54%         3    ###....
 Spider Form              Tmut/Pois      ###.......   54%         3    ###....
 Ice Form                 Ice/Tmut       ###.....     91%         4    ####...
 Summon Ice Beast         Ice/Summ       ###.....     91%         4    ####...
 Throw Icicle             Conj/Ice       ###.....     91%         4    ####...
 Blade Hands              Tmut           ###.......   99%         5    ######.


Dungeon Overview and Level Annotations

Branches:
Dungeon (10/15)            Temple (1/1) D:5            Lair (0/6) D:8
    Orc: D:9-12

Altars:
Ashenzari
Cheibriados
Dithmenos
Elyvilon
Fedhas
Gozag
Hepliaklqana
Kikubaaqudgha
Makhleb
Nemelex Xobeh
Okawaru
Qazlal
Ru
Sif Muna
Trog
Uskayaw
Vehumet
Wu Jian
Xom
Yredelemnul
Zin
The Shining One

Shops:
D:6 *


Innate Abilities, Weirdness & Mutations

Your experience applies equally to all skills.
You have very sharp teeth.
Your uncanny sense of smell can sniff out nearby items.


Message History

a - a +0 war axe (weapon)
The quasit misses you.
The quasit claws you but does no damage.
The quasit completely misses you.
You slash the quasit!
You kill the quasit!
The kobold demonologist shouts!
Health restored: 79 A big kobold comes into view.
It is wielding a whip.
The big kobold shouts! x2; The kobold demonologist shouts!
The kobold demonologist looks satisfied for a moment.
A hippogriff comes into view.
The hippogriff screeches!
You hit the kobold demonologist.
The kobold demonologist is lightly wounded.
The kobold demonologist hits you but does no damage.
The kobold demonologist gestures wildly while chanting.
You hit the kobold demonologist but do no damage.
The kobold demonologist is lightly wounded.
The kobold demonologist mumbles some strange words.
You closely miss the kobold demonologist.
Your bite misses the kobold demonologist.
The kobold demonologist is lightly wounded.
The kobold demonologist closely misses you.
The kobold demonologist casts a cantrip, but nothing happens.
The kobold demonologist mumbles some strange words.
You barely miss the kobold demonologist.
The kobold demonologist is lightly wounded.
You closely miss the kobold. You slash the ynoxinul!
You closely miss the red devil.
The kobold demonologist mumbles some strange words.
The red devil hops backward while attacking.
The red devil hits you from afar with a trident!
The kobold demonologist completely misses you.
The ynoxinul hits you but does no damage.
You take 13 damage, and have 66/79 hp.
You gain the combat prowess of a mighty hero.
The kobold demonologist casts a spell.
The kobold demonologist gestures wildly while chanting.
The ynoxinul misses you.
You now have 16/18 mp.
Unknown command.
You barely miss the ynoxinul.
The ynoxinul is moderately wounded.
You closely miss the sixfirhy. You closely miss the kobold.
You completely miss the kobold demonologist.
You slash the big kobold! The big kobold misses you. The red devil misses you.
The kobold barely misses you.
Unknown command.
You closely miss the ynoxinul.
The ynoxinul is moderately wounded.
You hit the big kobold.
You closely miss the kobold demonologist.
You barely miss the kobold. You barely miss the sixfirhy.
The kobold demonologist hits you but does no damage.
The ynoxinul hits you.
The big kobold hits you but does no damage.
The red devil misses you. The kobold completely misses you.
You take 2 damage, and have 64/79 hp.
You closely miss the big kobold.
The big kobold is heavily wounded.
You closely miss the ynoxinul. You hit the sixfirhy but do no damage.
You barely miss the kobold.
You closely miss the kobold demonologist.
The sixfirhy misses you. The sixfirhy hits you! The sixfirhy shocks you!
The sixfirhy hits you. The sixfirhy shocks you!
* * * LOW HITPOINT WARNING * * *
The ynoxinul closely misses you.
The kobold demonologist miscasts a cantrip.
The big kobold closely misses you. The red devil misses you.
You take 30 damage, and have 34/79 hp.
MASSIVE DAMAGE!!
You are too injured to fight recklessly!
Unknown command.
You are too injured to fight recklessly!
Unknown command.
You are too injured to fight recklessly!
Unknown command.
You are too injured to fight recklessly!
The sixfirhy closely misses you. The sixfirhy hits you!
* * * LOW HITPOINT WARNING * * *
The sixfirhy shocks you!
* * * LOW HITPOINT WARNING * * *
The sixfirhy misses you. The sixfirhy barely misses you.
The ynoxinul closely misses you.
You take 20 damage, and have 14/79 hp.
MASSIVE DAMAGE!!
The red devil hits you from afar with a trident!
* * * LOW HITPOINT WARNING * * *
The ynoxinul hits you but does no damage.
You take 8 damage, and have 6/79 hp.
Unknown command.
As you read the scroll labeled YZOM IRUOTOI, it crumbles to dust.
You feel strangely unstable.
It was a scroll of teleportation.
T - 6 scrolls of teleportation;
N - 36 poisoned needles The red devil hits you but does no damage.
The ynoxinul hits you.
* * * LOW HITPOINT WARNING * * *
You take 5 damage, and have 1/79 hp.
Unknown command.
The sixfirhy hits you!
You die...

.......█......█
.......█......█ .
..............█...
████...█..........
███.███5█......
█..KKKK......
███43KH4.....
███████3███5.5...
█......@.█ ......
█........██......
█........█......
█............. .
█.............
█........██.█.█
█........█ .█ .
█........█ .█ █.
█........█ .█ ...


You could see a kobold demonologist, a sixfirhy, a ynoxinul, a red devil, 2 big
kobolds and an ufetubus.

Vanquished Creatures
  A hydra (D:9)
  2 hippogriffs (D:10)
  A hornet (D:10)
  A wyvern (D:10)
  A spriggan (D:7)
  3 yaks (D:8)
  A hungry ghost (D:7)
  3 sky beasts
  3 ice beasts
  An ogre (D:4)
  6 orc warriors
  An eye of draining (D:10)
  A phantom (D:7)
  3 centaurs
  2 big kobolds
  5 bullfrogs
  3 scorpions
  9 killer bees
  5 wights (D:6)
  2 howler monkeys
  A bullfrog zombie (D:8)
  2 crimson imps
  A quasit (D:10)
  7 hounds
  An orc priest (D:7)
  2 bullfrog skeletons
  3 jellies
  Jessica (D:2)
  4 orc wizards
  2 iguanas
  6 worker ants
  A killer bee zombie (D:8)
  A hound zombie (D:8)
  A hound skeleton (D:8)
  A gnoll (Bailey)
  A howler monkey zombie (D:5)
  A worker ant zombie (D:10)
  8 adders
  3 shadow imps
  2 oozes
  An adder zombie (D:6)
  2 worms (D:2)
  2 dart slugs (D:2)
  2 leopard geckos
  21 orcs
  3 giant cockroaches
  5 goblins
  8 hobgoblins
  6 jackals
  7 quokkas
  5 bats
  4 frilled lizards
  A giant cockroach zombie (D:6)
  A jackal skeleton (D:4)
  18 kobolds
  A leopard gecko skeleton (D:9)
  A quokka zombie (D:6)
  8 rats
199 creatures vanquished.

Vanquished Creatures (collateral kills)
  An orc warrior (Bailey)
  2 gnolls (Bailey)
  An orc (Bailey)
  A hobgoblin (Bailey)
  6 kobolds (Bailey)
11 creatures vanquished.

Vanquished Creatures (others)
  An orc warrior (Bailey)
1 creature vanquished.

Grand Total: 211 creatures vanquished

Notes
Turn   | Place    | Note
-------+----------+-------------------------------------------
     0 | D:1      | Goblin1989 the Gnoll Gladiator began the quest for the Orb.
     0 | D:1      | Reached XP level 1. HP: 20/20 MP: 1/1
   191 | D:1      | Reached XP level 2. HP: 26/26 MP: 2/2
  1077 | D:2      | Reached XP level 3. HP: 31/31 MP: 3/3
  1282 | D:2      | Reached skill level 1 in Invocations
  1530 | D:2      | Reached skill level 1 in Short Blades
  1530 | D:2      | Reached skill level 1 in Long Blades
  1530 | D:2      | Reached skill level 1 in Maces & Flails
  1530 | D:2      | Reached skill level 1 in Polearms
  1530 | D:2      | Reached skill level 1 in Staves
  1530 | D:2      | Reached skill level 1 in Slings
  1530 | D:2      | Reached skill level 1 in Bows
  1530 | D:2      | Reached skill level 1 in Crossbows
  1530 | D:2      | Reached skill level 1 in Armour
  1530 | D:2      | Reached skill level 1 in Stealth
  1530 | D:2      | Reached skill level 1 in Shields
  1530 | D:2      | Reached skill level 1 in Unarmed Combat
  1530 | D:2      | Reached skill level 1 in Spellcasting
  1530 | D:2      | Reached skill level 1 in Evocations
  1530 | D:2      | Reached XP level 4. HP: 33/38 MP: 5/5
  1656 | D:2      | Noticed Jessica
  1665 | D:2      | Killed Jessica
  1756 | D:2      | Reached skill level 1 in Conjurations
  1756 | D:2      | Reached skill level 1 in Hexes
  1756 | D:2      | Reached skill level 1 in Charms
  1756 | D:2      | Reached skill level 1 in Summonings
  1756 | D:2      | Reached skill level 1 in Necromancy
  1756 | D:2      | Reached skill level 1 in Translocations
  1756 | D:2      | Reached skill level 1 in Transmutations
  1756 | D:2      | Reached skill level 1 in Fire Magic
  1756 | D:2      | Reached skill level 1 in Ice Magic
  1756 | D:2      | Reached skill level 1 in Air Magic
  1756 | D:2      | Reached skill level 1 in Earth Magic
  1756 | D:2      | Reached skill level 1 in Poison Magic
  2359 | D:3      | Learned a level 1 spell: Apportation
  2381 | D:3      | Learned a level 1 spell: Animate Skeleton
  2454 | D:3      | Reached XP level 5. HP: 43/43 MP: 6/6
  2912 | D:4      | Noticed an ogre
  2944 | D:4      | Killed an ogre
  2944 | D:4      | Reached XP level 6. HP: 10/50 MP: 8/8
  3381 | D:4      | Reached skill level 5 in Fighting
  3381 | D:4      | Reached skill level 5 in Throwing
  3853 | D:4      | Found a sparkling altar of Nemelex Xobeh.
  3901 | D:5      | Entered Level 5 of the Dungeon
  4003 | D:5      | Noticed a sky beast
  4010 | D:5      | Killed a sky beast
  4010 | D:5      | Reached XP level 7. HP: 49/56 MP: 10/10
  4283 | D:5      | Found a staircase to the Ecumenical Temple.
  4295 | Temple   | Entered the Ecumenical Temple
  4422 | Temple   | Became a worshipper of Warmaster Okawaru
  4860 | D:6      | Found a snail-covered altar of Cheibriados.
  4916 | D:6      | Reached XP level 8. HP: 33/63 MP: 12/12
  5802 | D:6      | Reached * piety under Okawaru
  6382 | D:6      | Found Hetrudil's General Store.
  6385 | D:6      | Bought a scroll of remove curse for 39 gold pieces
  6385 | D:6      | Bought a scroll of amnesia for 45 gold pieces
  6916 | D:7      | Reached XP level 9. HP: 61/69 MP: 11/14
  7497 | D:7      | Reached ** piety under Okawaru
  8337 | D:8      | Reached skill level 5 in Invocations
  8890 | D:8      | Found a staircase to the Lair.
  9165 | D:8      | Reached XP level 10. HP: 77/77 MP: 15/17
  9172 | D:8      | Reached *** piety under Okawaru
  9421 | D:9      | Found a radiant altar of Vehumet.
  9462 | D:9      | Found a flagged portal.
  9655 | Bailey   | Entered a bailey
  9742 | Bailey   | Reached skill level 5 in Short Blades
  9742 | Bailey   | Reached skill level 5 in Long Blades
  9742 | Bailey   | Reached skill level 5 in Maces & Flails
  9742 | Bailey   | Reached skill level 5 in Polearms
  9742 | Bailey   | Reached skill level 5 in Staves
  9742 | Bailey   | Reached skill level 5 in Slings
  9742 | Bailey   | Reached skill level 5 in Bows
  9742 | Bailey   | Reached skill level 5 in Crossbows
  9742 | Bailey   | Reached skill level 5 in Armour
  9742 | Bailey   | Reached skill level 5 in Stealth
  9742 | Bailey   | Reached skill level 5 in Shields
  9742 | Bailey   | Reached skill level 5 in Unarmed Combat
  9742 | Bailey   | Reached skill level 5 in Spellcasting
  9742 | Bailey   | Reached skill level 5 in Evocations
 10479 | D:9      | Noticed an eight-headed hydra
 10493 | D:9      | Killed a one-headed hydra
 10493 | D:9      | Received a gift from Okawaru
 10693 | D:10     | Entered Level 10 of the Dungeon
 10708 | D:10     | Paralysed by a hornet for 3 turns
 10963 | D:10     | Reached **** piety under Okawaru
 10980 | D:10     | Noticed a kobold demonologist
 11432 | D:10     | Noticed a kobold demonologist
 11463 | D:10     | Noticed a sixfirhy
 11468 | D:10     | HP: 1/79 [ynoxinul[a kobold demonologist] (5)]
 11469 | D:10     | Slain by a sixfirhy

Skill      XL: |  1  2  3  4  5  6  7  8  9 10 |
---------------+-------------------------------+-----
Invocations    | 1 2 3 4 5 6 |  6.2
Short Blades   | 1 2 3 4 5 |  5.6
Long Blades    | 1 2 3 4 5 |  5.6
Maces & Flails | 1 2 3 4 5 |  5.6
Polearms       | 1 2 3 4 5 |  5.6
Staves         | 1 2 3 4 5 |  5.6
Slings         | 1 2 3 4 5 |  5.6
Bows           | 1 2 3 4 5 |  5.6
Crossbows      | 1 2 3 4 5 |  5.6
Armour         | 1 2 3 4 5 |  5.6
Stealth        | 1 2 3 4 5 |  5.6
Shields        | 1 2 3 4 5 |  5.6
Unarmed Combat | 1 2 3 4 5 |  5.6
Spellcasting   | 1 2 3 4 5 |  5.6
Evocations     | 1 2 3 4 5 |  5.6
Conjurations   | 1 2 3 4 |  4.7
Hexes          | 1 2 3 4 |  4.7
Charms         | 1 2 3 4 |  4.7
Summonings     | 1 2 3 4 |  4.7
Necromancy     | 1 2 3 4 |  4.7
Translocations | 1 2 3 4 |  4.7
Transmutations | 1 2 3 4 |  4.7
Fire Magic     | 1 2 3 4 |  4.7
Ice Magic      | 1 2 3 4 |  4.7
Air Magic      | 1 2 3 4 |  4.7
Earth Magic    | 1 2 3 4 |  4.7
Poison Magic   | 1 2 3 4 |  4.7
Fighting       | 5 6 7 |  7.4
Throwing       | 5 6 7 |  7.4
Axes           | 7 8 |  8.8
Dodging        | 7 8 |  8.8

Action                   |  1- 3 |  4- 6 |  7- 9 | 10-12 || total
-------------------------+-------+-------+-------+-------++-------
Melee: War axe           |   101 |   102 |   247 |   107 ||   557
       Bite              |     8 |     9 |    45 |    36 ||    98
       Dagger            |       |    10 |    33 |       ||    43
       Hand axe          |       |       |    81 |   129 ||   210
       Punch             |       |       |    10 |    11 ||    21
       Spear             |       |       |       |     1 ||     1
 Cast: Animate Skeleton  |       |     1 |     3 |     6 ||    10
Invok: Heroism           |       |       |     5 |     8 ||    13
Evoke: Wand              |       |       |     3 |     2 ||     5
  Use: Scroll            |       |       |     1 |    12 ||    13
       Potion            |       |       |       |     1 ||     1
 Stab: Sleeping          |     2 |     3 |     9 |       ||    14
  Eat: Chunk             |     2 |     8 |     6 |     9 ||    25
       Ration            |       |       |     4 |       ||     4
Armor: Leather armour    |    14 |    20 |    28 |       ||    62
       Ring mail         |       |       |    32 |       ||    32
       Chain mail        |       |       |     3 |   140 ||   143
Dodge: Dodged            |    84 |    77 |   268 |   232 ||   661

Vault maps used:
D:1:      evilmike_arrival_crescent
D:2:      minmay_misc_feat_alley, kennysheep_jessica_study
D:4:      first_ration, nemelex_dance_club_becter
D:5:      minmay_temple_entry_butterflies
D:6:      cheibriados_altar_1, serial_shops, kennysheep_mini
D:7:      the_bakery
D:8:      lair_entry_dummy, minmay_misc_feat_room
D:9:      basic_altar, enter_bailey_2
D:10:     orc_0_dummy
Temple:   kilobyte_greek_temple
Bailey:   bailey_axe_4, bailey
